 Dungeon Crawl Stone Soup version 0.24.0-125-gc4c63601f3 (webtiles) character file.

Game seed: 16595264996932762842, levelgen mode: deterministic

213511 Amplified the Warrior (level 19, -40/148 HPs)
             Began as a Halfling Berserker on Feb 27, 2020.
             Was a High Priest of Trog.
             Hit by a large rock thrown by Polyphemus (48 damage)
             ... on level 4 of the Shoals on Feb 29, 2020.
             The game lasted 01:05:36 (31479 turns).

Amplified the Warrior (Halfling Berserker)         Turns: 31479, Time: 01:05:38

Health: -40/148    AC: 19    Str: 24    XL:     19   Next: 68%
Magic:  0/17       EV: 28    Int:  6    God:    Trog [*****.]
Gold:   374        SH:  0    Dex: 20    Spells: 18/18 levels left

rFire    + . .     SeeInvis +   N - +5 quick blade (venom)
rCold    . . .     Gourm    +   (shield restricted)
rNeg     . . .     Faith    .   O - +1 ring mail of the Tormentor {rElec Slay+2}
rPois    +         Spirit   +   E - +2 hat {MR+}
rElec    +         Reflect  .   s - scarf {Spirit}
rCorr    .         Harm     .   U - +2 pair of gloves {Dex+3}
MR       ++++.                  J - +2 pair of boots
Stlth    +.........             H - amulet of Perfectionism {Gourm rPois}
HPRegen  1.34/turn              V - ring of Xom's Esteem {+Fly rF+ Str+4 Dex-2}
MPRegen  0.15/turn              d - ring of see invisible

@: regenerating, studying Staves
A: small, low mp 1, mutation resistance 1
}: 1/15 runes: serpentine
a: Berserk, Trog's Hand, Brothers in Arms, Renounce Religion, Evoke Flight


You were on level 4 of the Shoals.
You worshipped Trog.
Trog was extremely pleased with you.
You were very full.

You visited 6 branches of the dungeon, and saw 34 of its levels.
You also visited: Gauntlet.

You collected 2569 gold pieces.
You spent 2195 gold pieces at shops.

Inventory:

Hand Weapons
 C - a +3 vampiric long sword
 N - a +5 quick blade of venom (weapon)
 T - a +0 demon blade of flaming
 Z - a +0 lajatang
Missiles
 e - 49 poisoned darts
 K - a throwing net
 R - 12 curare-tipped darts (quivered)
Armour
 g - a +1 scale mail of cold resistance
 s - a scarf of spirit shield (worn)
 u - a +3 scale mail of positive energy
 z - a +1 helmet
 E - a +2 hat of magic resistance (worn)
 J - a +2 pair of boots (worn)
 O - the +1 ring mail of the Tormentor (worn) {rElec Slay+2}
   (You bought it in a shop on level 2 of the Snake Pit)

   It affects your accuracy and damage with ranged weapons and melee attacks
   (+2).
   It insulates you from electricity.
 U - a +2 pair of gloves of dexterity (worn)
Jewellery
 d - a ring of see invisible (right hand)
 l - an uncursed ring of positive energy
 n - an uncursed ring of resist corrosion
 H - the amulet of Perfectionism (around neck) {Gourm rPois}
   (You found it in a Gauntlet)

   [amulet of the gourmand]

   It allows you to eat raw meat even when not hungry.
   It protects you from poison.
 V - the ring of Xom's Esteem (left hand) {+Fly rF+ Str+4 Dex-2}
   (You found it in a Gauntlet)

   [ring of flight]

   It affects your strength (+4).
   It affects your dexterity (-2).
   It protects you from fire.
   It lets you fly.
Wands
 p - a wand of iceblast (27)
 x - a wand of acid (11)
 y - a wand of flame (10)
 D - a wand of disintegration (20)
 F - a wand of paralysis (8)
 I - a wand of polymorph (9)
 P - a wand of scattershot (6)
Scrolls
 a - 3 scrolls of magic mapping
 b - 12 scrolls of teleportation
 f - 6 scrolls of immolation
 h - 2 scrolls of blinking
 m - 19 scrolls of remove curse
 v - 2 scrolls of fear
 M - a scroll of identify
 W - 3 scrolls of enchant armour
 X - a scroll of summoning
Potions
 i - a potion of haste
 j - 6 potions of heal wounds
 o - 8 potions of curing
 q - 2 potions of ambrosia
 r - 2 potions of mutation
 t - 8 potions of flight
 A - 6 potions of lignification
 B - 2 potions of brilliance
 G - a potion of magic
Books
 w - a manual of Staves
Miscellaneous
 Q - a lamp of fire (inert)
Comestibles
 c - 35 rations
 k - 6 chunks of flesh


   Skills:
 * Level 18.6 Fighting
 - Level 12.1(15.0) Short Blades
 - Level 12.8(14.1) Long Blades
 + Level 18.0 Armour
 + Level 15.9 Dodging


You had 18 spell levels left.
You didn't know any spells.
Your spell library contained the following spells:

 Spells                   Type           Power        Failure   Level  Hunger
 Animate Skeleton         Necr           N/A          54%         1    ##.....
 Confusing Touch          Hex            #.....       54%         1    ##.....
 Corona                   Hex            #......      54%         1    ##.....
 Flame Tongue             Conj/Fire      #....        54%         1    ##.....
 Magic Dart               Conj           #...         54%         1    ##.....
 Pain                     Necr           #...         54%         1    ##.....
 Sandblast                Erth           #.....       54%         1    ##.....
 Sting                    Conj/Pois      #...         54%         1    ##.....
 Summon Small Mammal      Summ           #...         54%         1    ##.....
 Blink                    Tloc           N/A          69%         2    ###....
 Call Imp                 Summ           #.......     69%         2    ###....
 Corpse Rot               Necr           N/A          69%         2    ###....
 Ensorcelled Hibernation  Hex/Ice        #.....       69%         2    ###....
 Passwall                 Tmut/Erth      #.......     69%         2    ###....
 Poisonous Vapours        Pois/Air       #.....       69%         2    ###....
 Slow                     Hex            #.......     69%         2    ###....
 Throw Flame              Conj/Fire      #.....       69%         2    ###....
 Call Canine Familiar     Summ           #.......     89%         3    ####...
 Confuse                  Hex            #.......     89%         3    ####...
 Conjure Flame            Conj/Fire      #.......     89%         3    ####...
 Dazzling Spray           Conj/Hex       #.....       89%         3    ####...
 Inner Flame              Hex/Fire       #.......     89%         3    ####...
 Mephitic Cloud           Conj/Pois/Air  #.......     89%         3    ####...
 Regeneration             Chrm/Necr      #.........   89%         3    ####...
 Spectral Weapon          Hex/Chrm       #.......     89%         3    ####...
 Static Discharge         Conj/Air       #.......     89%         3    ####...
 Stone Arrow              Conj/Erth      #.....       89%         3    ####...
 Summon Guardian Golem    Hex/Summ       #.......     89%         3    ####...
 Tukima's Dance           Hex            #.......     89%         3    ####...
 Vampiric Draining        Necr           #.........   89%         3    ####...
 Animate Dead             Necr           N/A          100%        4    #####..
 Leda's Liquefaction      Hex/Erth       #.........   100%        4    #####..
 Olgreb's Toxic Radiance  Pois           #.......     100%        4    #####..
 Petrify                  Tmut/Erth      #.......     100%        4    #####..
 Sticky Flame             Conj/Fire      #.......     100%        4    #####..
 Summon Ice Beast         Ice/Summ       #.......     100%        4    #####..
 Summon Lightning Spire   Summ/Air       #.......     100%        4    #####..
 Fireball                 Conj/Fire      #.........   100%        5    ######.
 Lee's Rapid Deconstruct  Erth           #.........   100%        5    ######.
 Lightning Bolt           Conj/Air       #.........   100%        5    ######.
 Summon Forest            Summ/Tloc      #.........   100%        5    ######.
 Venom Bolt               Conj/Pois      #.........   100%        5    ######.
 Death Channel            Necr           #.........   100%        6    #######
 Hydra Form               Tmut           #.........   100%        6    #######
 Summon Hydra             Summ           #.........   100%        7    #######
 Ignition                 Fire           #.........   100%        8    #######
 Shatter                  Erth           #.........   100%        9    #######
 Tornado                  Air            #.........   100%        9    #######


Dungeon Overview and Level Annotations

Branches:
Dungeon (15/15)            Temple (0/1) D:7            Lair (6/6) D:8
 Shoals (4/4) Lair:2        Snake (4/4) Lair:2        Slime (0/5) Lair:5
    Orc (2/2) D:10            Elf (3/3) Orc:2        Vaults (0/5) D:13
 Depths (0/5) D:15        Gauntlet (visited)

Altars:
Ashenzari
Cheibriados
Dithmenos
Fedhas
Hepliaklqana
Nemelex Xobeh
Okawaru
Qazlal
Sif Muna
Vehumet
Wu Jian
Xom
Yredelemnul
Zin
The Shining One
Beogh

Shops:
D:13 (   Orc:2 }*!%:   Snake:2 [%   Snake:3 :   Snake:4 =}=

Annotations:
D:15 Jorgrun, Roxanne
Shoals:4 Polyphemus
Snake:4 Get Phasing if lack of EV


Innate Abilities, Weirdness & Mutations

You are small and have problems with some larger weapons.
You are somewhat resistant to further mutation.
Your magical capacity is low. (-10% MP)


Message History

Press: ? - help, Dir - move target cursor, p - catoblepas
Okay, then.
Okay, then.
Blink to where?
Press: ? - help, Dir - move target cursor, p - catoblepas You are very lightly contaminated with residual magic.
As you read the scroll of blinking, it crumbles to dust.
Polyphemus throws a large rock.
The large rock hits you!!
* * * LOW HITPOINT WARNING * * *
Polyphemus throws a large rock.
The large rock hits you!!
* * * LOW HITPOINT WARNING * * *
Your limbs are stiffening.
You feel limber!
You feel magically purged.
Your magical contamination has completely faded away.
You hear the stately tolling of a very distant bell.
The death yak is engulfed in calcifying dust.
The death yak is moving more slowly.
Polyphemus throws a large rock.
The large rock hits you!!!
You die...

≈≈≈≈≈≈≈≈≈≈≈≈≈≈≈≈≈≈≈≈≈≈≈≈≈P..#*.≈
≈≈≈≈≈≈≈≈≈≈≈≈≈≈≈≈≈≈≈≈≈≈≈≈≈≈.#**.≈
≈≈≈≈≈≈≈≈,,..≈≈≈≈≈≈≈≈≈≈≈≈≈..###..
≈≈≈≈≈≈≈≈,**.≈≈≈≈≈≈≈≈....Y≈..C...
≈≈≈≈≈≈≈≈***....≈≈≈≈.###(.≈≈Y.≈≈.
≈≈≈≈≈≈≈≈≈≈,,P##.≈≈≈.# ##....≈≈≈≈
≈≈≈≈≈≈≈≈≈≈,,**#..≈≈†########.≈≈≈
≈≈≈≈≈≈≈≈≈≈,,* #..≈≈≈CY§÷.# #.≈≈≈
≈≈≈≈≈≈≈≈≈≈,,*##@.≈≈Y..≈††###.≈≈≈
≈≈≈≈≈≈≈≈≈,,,*#P..≈≈≈Y≈≈≈≈≈≈..≈≈≈
≈≈≈≈≈≈≈≈,,,,*####≈≈≈≈≈≈≈≈≈≈..≈≈.
≈≈≈≈≈≈≈≈,,,**,,,##≈≈≈≈≈≈≈≈≈.....
≈≈≈≈≈≈≈,,,,*,,,,,#≈≈≈≈≈≈≈≈≈.....
≈≈≈≈≈≈≈,,,,*,,,,,#≈≈≈≈≈≈≈..#...P
≈≈≈≈≈≈≈,,,,*,,,,,#≈≈≈≈≈≈≈≈......
≈≈≈≈≈≈≈≈,,,**,,,*#≈≈≈≈≈≈≈≈≈.....
≈≈≈≈≈≈≈≈≈≈,,**+**≈≈≈≈≈≈≈≈≈≈.....


You could see Polyphemus, 2 death yaks and a catoblepas.

Vanquished Creatures
  Rupert (D:12)
  Gastronok (Lair:3)
  5 nagarajas
  Aizul (Snake:1)
  An orc warlord (Orc:2)
  A minotaur (Gauntlet)
  Josephine (D:15)
  A deep elf death mage (Elf:3)
  2 merfolk javelineers (Shoals:2)
  A merfolk impaler (Shoals:2)
  Erolcha (D:9)
  Harold (D:7)
  8 hydras
  16 naga warriors
  A centaur warrior (D:9)
  7 two-headed ogres
  A merfolk aquamancer (Shoals:1)
  2 merfolk avatars (Shoals:2)
  9 anacondas
  An ogre mage (D:13)
  6 dancing weapons
  5 orc high priests (Orc:2)
  A tengu warrior (D:14)
  2 death yaks (Shoals:4)
  12 naga sharpshooters
  3 shock serpents
  6 deep elf knights
  6 salamander mystics
  7 naga ritualists
  2 unseen horrors
  2 sea snakes (Shoals:2)
  8 deep elf archers
  15 harpies
  A lindwurm (Lair:5)
  A necromancer (Lair:3)
  5 orc knights (Orc:2)
  13 mana vipers
  2 orc sorcerers
  A wolf spider (D:9)
  8 manticores
  28 deep elf magi
  8 fauns
  3 oklob plants (Lair:4)
  14 salamanders
  6 ugly things
  4 cyclopes
  Joseph (D:9)
  A centaur zombie (D:13)
  9 guardian serpents
  18 elephants
  31 black mambas
  3 merfolk sirens
  An apocalypse crab (Gauntlet)
  22 naga magi
  Psyche (D:8)
  3 minotaur zombies (Gauntlet)
  A torpor snail (Gauntlet)
  2 water nymphs
  A gargoyle (D:14)
  A kobold demonologist (D:14)
  9 spiny frogs
  5 komodo dragons
  2 rime drakes
  An efreet (D:15)
  7 polar bears
  3 trolls
  2 wind drakes
  12 blink frogs
  11 merfolk
  Grinder (D:5)
  A raiju (shapeshifter) (Elf:1)
  3 snapping turtles
  12 dream sheep
  16 hippogriffs
  A raiju (Gauntlet)
  10 hornets
  2 vampires
  6 water elementals
  14 spriggans (Lair:6)
  7 wyverns
  8 wraiths
  3 air elementals (Elf:2)
  A shadow (D:11)
  3 fire elementals
  5 basilisks
  39 yaks
  2 steam dragons
  8 vampire mosquitoes
  Menkaure (D:7)
  3 hungry ghosts
  Edmund (D:6)
  4 wargs
  A soldier ant (D:10)
  58 nagas
  An acid dragon (D:8)
  17 water moccasins
  7 porcupines
  5 sky beasts
  Duvessa (D:6)
  5 ice beasts
  5 black bears
  32 orc warriors
  2 eyes of draining
  2 phantoms
  14 ogres
  3 necrophages
  An elephant zombie (Lair:3)
  13 centaurs
  36 wolves
  6 boggarts
  2 big kobolds
  16 crocodiles
  Blork the orc (D:4)
  17 bullfrogs
  A gnoll sergeant (D:11)
  Dowan (D:6)
  A wyvern skeleton (D:11)
  3 scorpions
  17 killer bees
  7 wights (D:9)
  3 electric eels (Lair:3)
  A howler monkey (D:7)
  10 crimson imps
  A bullfrog zombie (D:13)
  5 hounds
  5 jellies
  Crazy Yiuf (D:7)
  40 orc priests
  10 orc wizards
  7 centaur skeletons
  An iguana (D:9)
  4 worker ants
  A killer bee zombie (D:8)
  A crocodile zombie (Lair:3)
  A hound skeleton (D:4)
  A worker ant zombie (D:8)
  2 howler monkey zombies
  15 gnolls
  22 adders
  2 shadow imps
  An ooze (D:1)
  2 adder zombies
  2 worms
  4 dart slugs
  6 leopard geckos
  84 orcs
  10 bats
  6 giant cockroaches
  9 goblins
  10 hobgoblins
  15 jackals
  16 kobolds
  8 quokkas
  4 ball pythons
  6 frilled lizards
  A jackal skeleton (D:6)
  8 rats
  A plant (Shoals:2)
1130 creatures vanquished.

Vanquished Creatures (collateral kills)
  Asterion (Snake:3)
  A hydra (Lair:6)
  A crocodile (Lair:6)
3 creatures vanquished.

Vanquished Creatures (others)
  A deep elf knight (Elf:2)
  A salamander (Snake:3)
  A faun (Shoals:2)
  A merfolk (Shoals:4)
  A wyvern (D:13)
  A naga (Snake:4)
  A bullfrog zombie (D:13)
  A leopard gecko (D:4)
  2 orcs
  11 fungi
  16 plants
37 creatures vanquished.

Grand Total: 1170 creatures vanquished

Notes
Turn   | Place    | Note
-------+----------+-------------------------------------------
     0 | D:1      | Amplified the Halfling Berserker began the quest for the
                  | Orb.
     0 | D:1      | Reached XP level 1. HP: 15/15 MP: 1/1
    42 | D:1      | Reached XP level 2. HP: 16/20 MP: 2/2
   187 | D:1      | Reached XP level 3. HP: 19/26 MP: 3/3
   338 | D:1      | Reached ** piety under Trog
   529 | D:1      | Reached XP level 4. HP: 31/31 MP: 4/4
  1548 | D:2      | Reached XP level 5. HP: 27/36 MP: 5/5
  2109 | D:3      | Found a glowing silver altar of Zin.
  2184 | D:3      | Reached skill level 5 in Short Blades
  2223 | D:3      | Found an ornate altar of the Wu Jian Council.
  2266 | D:3      | Reached *** piety under Trog
  2304 | D:3      | Reached XP level 6. HP: 27/43 MP: 6/6
  2528 | D:3      | Found a shattered altar of Ashenzari.
  2767 | D:4      | Noticed Blork the orc
  2778 | D:4      | Killed Blork the orc
  2816 | D:4      | Found a shimmering blue altar of Sif Muna.
  2927 | D:4      | Reached XP level 7. HP: 49/49 MP: 7/7
  3112 | D:4      | Found a basalt altar of Yredelemnul.
  3196 | D:4      | Found a glowing golden altar of the Shining One.
  3405 | D:4      | Noticed an angel
  3433 | D:5      | Entered Level 5 of the Dungeon
  3474 | D:5      | Reached **** piety under Trog
  3482 | D:5      | Reached skill level 5 in Fighting
  3658 | D:5      | Found a snail-covered altar of Cheibriados.
  3669 | D:5      | Reached XP level 8. HP: 41/55 MP: 5/8
  3965 | D:5      | Noticed Grinder
  3965 | D:5      | Paralysed by Grinder for 7 turns
  3982 | D:5      | Killed Grinder
  4322 | D:6      | Noticed Edmund
  4331 | D:6      | Killed Edmund
  4331 | D:6      | Reached skill level 5 in Armour
  4331 | D:6      | Reached skill level 5 in Dodging
  4331 | D:6      | Reached XP level 9. HP: 62/62 MP: 9/9
  4497 | D:6      | Noticed Duvessa
  4497 | D:6      | Noticed Dowan
  4506 | D:6      | Killed Duvessa
  4513 | D:6      | Killed Dowan
  4898 | D:7      | Noticed Menkaure
  4902 | D:7      | Killed Menkaure
  5045 | D:7      | Noticed Harold
  5133 | D:7      | Found a stormy altar of Qazlal.
  5317 | D:7      | Noticed a hippogriff
  5334 | D:7      | Killed a hippogriff
  5580 | D:7      | Found a sparkling altar of Nemelex Xobeh.
  5641 | D:7      | Found an iron altar of Okawaru.
  5643 | D:7      | Found a hazy altar of Hepliaklqana.
  5662 | D:7      | Reached XP level 10. HP: 69/71 MP: 10/10
  5707 | D:7      | Found a staircase to the Ecumenical Temple.
  5742 | D:7      | Killed Harold
  5742 | D:7      | Reached skill level 10 in Short Blades
  6309 | D:7      | Found a runed translucent door.
  6310 | D:7      | Noticed Crazy Yiuf
  6410 | D:7      | Killed Crazy Yiuf
  6452 | D:8      | Noticed Psyche
  6452 | D:8      | Noticed a cyclops
  6460 | D:7      | Killed a cyclops
  6624 | D:8      | Paralysed by Psyche for 2 turns
  6626 | D:8      | Killed Psyche
  6626 | D:8      | Reached ***** piety under Trog
  6685 | D:8      | Found a shadowy altar of Dithmenos.
  6687 | D:8      | Found a blossoming altar of Fedhas.
  6767 | D:8      | Reached XP level 11. HP: 54/78 MP: 7/11
  7645 | D:8      | Found a staircase to the Lair.
  7801 | D:9      | Found an ornate altar of the Wu Jian Council.
  8203 | D:9      | Received a gift from Trog
  8295 | D:9      | Noticed Joseph
  8307 | D:9      | Killed Joseph
  8307 | D:9      | Reached skill level 1 in Long Blades
  8384 | D:9      | Found a shimmering altar of Xom.
  8680 | D:9      | Noticed a two-headed ogre
  8680 | D:9      | Noticed a centaur warrior
  8680 | D:9      | Noticed Erolcha
  8691 | D:9      | Killed a centaur warrior
  8697 | D:9      | Killed Erolcha
  8700 | D:9      | Killed a two-headed ogre
  8700 | D:9      | Reached skill level 10 in Fighting
  8736 | D:9      | Noticed a wolf spider
  8736 | D:9      | Noticed a deep elf knight
  8737 | D:9      | Gained mutation: Your magical capacity is low. (-10% MP)
                  | [potion of mutation]
  8741 | D:9      | Killed a wolf spider
  8741 | D:9      | Reached XP level 12. HP: 87/87 MP: 8/10
  8749 | D:9      | Killed a deep elf knight
  8757 | D:9      | Got a dazzling morningstar
  8760 | D:9      | Identified the +4 morningstar of Bile {venom, *Corrode
                  | rElec rF+ rC+} (You found it on level 9 of the Dungeon)
  8811 | D:10     | Entered Level 10 of the Dungeon
  8819 | D:10     | Found a staircase to the Orcish Mines.
  8976 | D:10     | Noticed a two-headed ogre
  8984 | D:10     | Killed a two-headed ogre
  9192 | D:10     | Reached skill level 5 in Long Blades
  9290 | D:10     | Paralysed by a hornet for 3 turns
  9301 | D:10     | Paralysed by a hornet for 2 turns
  9451 | D:11     | Noticed a two-headed ogre
  9459 | D:11     | Killed a two-headed ogre
  9520 | D:11     | Noticed an unseen horror
  9530 | D:11     | Killed an unseen horror
  9890 | D:11     | Noticed a two-headed ogre
  9902 | D:11     | Killed a two-headed ogre
  9937 | D:11     | Received a gift from Trog
 10299 | D:12     | Noticed Rupert
 10316 | D:12     | Killed Rupert
 10316 | D:12     | Reached XP level 13. HP: 95/95 MP: 11/11
 10993 | Lair:1   | Entered Level 1 of the Lair of Beasts
 11212 | Lair:1   | Reached skill level 10 in Armour
 11248 | Lair:1   | You fall into a shaft and drop 1 floor!
 11248 | Lair:2   | Found a staircase to the Shoals.
 11267 | Lair:2   | Reached skill level 10 in Dodging
 11416 | Lair:2   | Found a staircase to the Snake Pit.
 11522 | Lair:2   | Noticed a four-headed hydra
 11540 | Lair:2   | Killed a four-headed hydra
 13067 | Lair:3   | Identified the Handbook of Ensnaring Sinister Arts
 13415 | Lair:3   | Noticed Gastronok
 13431 | Lair:3   | Killed Gastronok
 13431 | Lair:3   | Reached XP level 14. HP: 104/104 MP: 8/12
 14172 | Lair:5   | Reached skill level 10 in Long Blades
 14254 | Lair:5   | Reached ****** piety under Trog
 14286 | Lair:5   | Found a staircase to the Slime Pits.
 14588 | Lair:6   | Entered Level 6 of the Lair of Beasts
 14925 | Lair:6   | Received a gift from Trog
 15454 | Lair:6   | Reached XP level 15. HP: 111/111 MP: 11/13
 16232 | Lair:6   | Identified a scroll of acquirement
 16273 | Lair:4   | Received a gift from Trog
 16492 | Lair:4   | Got a crystal flail
 16833 | Lair:4   | Identified the cursed +1 flail of Byssivih {freeze, *Contam
                  | Str+3 Int+3 Dex+4} (You found it on level 4 of the Lair of
                  | Beasts)
 17036 | Orc:1    | Entered Level 1 of the Orcish Mines
 17213 | Orc:1    | Found a roughly hewn altar of Beogh.
 17463 | Orc:2    | Entered Level 2 of the Orcish Mines
 17463 | Orc:2    | Noticed an orc warlord
 17509 | Orc:2    | Killed an orc warlord
 17673 | Orc:2    | Found a staircase to the Elven Halls.
 17687 | Orc:2    | Found Vefref's Gadget Shop.
 17695 | Orc:2    | Bought a wand of acid (7) for 330 gold pieces
 17695 | Orc:2    | Bought a wand of scattershot (6) for 450 gold pieces
 17703 | Orc:2    | Bought a lamp of fire for 600 gold pieces
 17869 | Orc:2    | Received a gift from Trog
 18133 | Orc:2    | Received a gift from Trog
 18641 | Orc:2    | Reached XP level 16. HP: 120/120 MP: 8/14
 18763 | Orc:2    | Found Fuat Verch's Book Shop.
 18766 | Orc:2    | Found Tellaw's Distillery.
 18767 | Orc:2    | Found Nuyskiyq's Assorted Antiques.
 18768 | Orc:2    | Found Mozemm's Food Shop.
 18771 | Orc:2    | Bought a scroll labeled OMEHAMP LERYSYQIOW for 30 gold
                  | pieces
 18771 | Orc:2    | Bought a scroll of teleportation for 90 gold pieces
 18772 | Orc:2    | Bought a potion of cancellation for 128 gold pieces
 18772 | Orc:2    | Bought a potion of curing for 48 gold pieces
 18772 | Orc:2    | Bought a potion of heal wounds for 80 gold pieces
 19017 | D:13     | Found Isidar's Antique Weapon Boutique.
 19037 | D:13     | Found a gate to the Vaults.
 19786 | D:14     | Received a gift from Trog
 19869 | D:14     | Found a gate leading to a gauntlet.
 19928 | Gauntlet | Entered a Gauntlet
 19928 | Gauntlet | Found a transporter.
 19928 | Gauntlet | Found a transporter.
 19928 | Gauntlet | Found a transporter.
 19929 | Gauntlet | Found a transporter.
 19933 | Gauntlet | Found a transporter.
 19933 | Gauntlet | Found a transporter.
 19937 | Gauntlet | Found a runed translucent door.
 19937 | Gauntlet | Found a runed translucent door.
 19940 | Gauntlet | Found a transporter.
 19941 | Gauntlet | Found a transporter.
 19942 | Gauntlet | Found a transporter.
 19944 | Gauntlet | Found a transporter.
 19952 | Gauntlet | Found a transporter.
 19953 | Gauntlet | Found a transporter.
 20285 | Gauntlet | Got a scintillating platinum amulet
 20287 | Gauntlet | Identified the amulet of Perfectionism {Gourm rPois} (You
                  | found it in a Gauntlet)
 20363 | Gauntlet | Got a coiled granite ring
 20483 | Gauntlet | Identified the ring of Xom's Esteem {+Fly rF+ Str+4 Dex-2}
                  | (You found it in a Gauntlet)
 20563 | D:14     | Found a shadowy altar of Dithmenos.
 20704 | D:14     | Reached skill level 15 in Fighting
 20833 | D:14     | Found a stormy altar of Qazlal.
 21361 | D:15     | Entered Level 15 of the Dungeon
 21361 | D:15     | Noticed Roxanne
 21497 | D:15     | Noticed Josephine
 21548 | D:15     | Killed Josephine
 21736 | D:15     | Noticed Jorgrun
 21739 | D:15     | Received a gift from Trog
 22058 | Snake:1  | Entered Level 1 of the Snake Pit
 22527 | Snake:1  | Got a crystal quarterstaff
 22573 | Snake:1  | Identified the +7 quarterstaff of Zerphamp {drain, +Rage
                  | Dex+4} (You found it on level 1 of the Snake Pit)
 22654 | Snake:1  | Noticed Aizul
 22673 | Snake:1  | Killed Aizul
 22763 | Snake:1  | Reached XP level 17. HP: 126/127 MP: 13/15
 23372 | Snake:2  | Found Ziypp's Armour Shoppe.
 23376 | Snake:2  | Found Quekhlawn's Food Shoppe.
 23409 | Snake:2  | Reached skill level 15 in Armour
 24043 | Snake:3  | Found Xitu Kust's Book Shoppe.
 24199 | Snake:3  | Received a gift from Trog
 24708 | Snake:3  | Noticed Asterion
 24739 | Snake:3  | Killed Asterion
 25305 | Snake:4  | Entered Level 4 of the Snake Pit
 25919 | Shoals:1 | Entered Level 1 of the Shoals
 26126 | Elf:1    | Entered Level 1 of the Elven Halls
 26745 | Elf:2    | Received a gift from Trog
 26745 | Elf:2    | Reached XP level 18. HP: 110/137 MP: 7/16
 26798 | Elf:2    | Received a gift from Trog
 26828 | Elf:3    | Entered Level 3 of the Elven Halls
 27263 | Elf:3    | Received a gift from Trog
 27545 | Elf:1    | Found a radiant altar of Vehumet.
 28254 | Snake:2  | Bought the +1 ring mail of the Tormentor {rElec Slay+2} for
                  | 439 gold pieces
 28893 | Snake:4  | Found Unost's Jewellery Shop.
 28894 | Snake:4  | Found Toxkycru's Gadget Shoppe.
 28895 | Snake:4  | Found Oschel's Jewellery Shop.
 29075 | Snake:4  | Reached skill level 15 in Dodging
 29216 | Snake:4  | Received a gift from Trog
 29405 | Snake:4  | Reached XP level 19. HP: 146/146 MP: 12/17
 30071 | Snake:4  | Got a serpentine rune of Zot
 30464 | Shoals:1 | Received a gift from Trog
 31292 | Shoals:2 | You fall into a shaft and drop 1 floor!
 31337 | Shoals:4 | Entered Level 4 of the Shoals
 31435 | Shoals:4 | Noticed Polyphemus
 31478 | Shoals:4 | HP: 6/148 [Polyphemus/large rock (18)]
 31479 | Shoals:4 | Hit by a large rock thrown by Polyphemus

Levels and vault maps discovered:
D:1:      dpeg_arrival_line_fractal, layout_loops_ring
D:2:      layout_basic, supply_closet_lemuel
D:3:      layout_rooms, lemuel_crystal_altar, lemuel_doored_altar,
          ashenzari_altar_1
D:4:      layout_basic, grunt_temple_overflow_holy_war, led_sif_pool,
          lemuel_old_faithful, uniq_blork_the_orc
D:5:      layout_cave_pools, kennysheep_slug_shrine, first_ration, uniq_grinder
D:6:      layout_gridville, nrook_pool_corridor, chequers_decorated_corner,
          uniq_duvessa, uniq_edmund
D:7:      layout_loops_ring, grunt_temple_overflow_open,
          minmay_temple_entry_ruins, nemelex_lonely_heart_becter,
          uniq_crazy_yiuf_cottage, uniq_menkaure, uniq_harold
D:8:      layout_cave_pools, gammafunk_temple_overflow_statue, erik_lair_dragon,
          uniq_psyche
D:9:      minmay_shrinking_squares, layout_loops_ring,
          nicolae_overflow_crystal_walls, basic_altar, uniq_joseph, uniq_erolcha
D:10:     layout_gridville, orc_0_dummy, hangedman_pestilent_swarm
D:11:     layout_stronghold
D:12:     layout_basic, uniq_rupert
D:13:     layout_roguey, david_vaults_2, serial_shops, kennysheep_mini_moat,
          lemuel_flame_loot_1
D:14:     layout_gridville, nicolae_dithmenos_the_darkroom,
          gauntlet_entry_generic, grunt_qazlal_sundering
D:15:     grunt_enter_depths_snipers, layout_cave_pods, serial_park_paths
          [serial_park_minivault_5x5_5], uniq_josephine, uniq_roxanne,
          uniq_jorgrun
Lair:1:   layout_cave_pods
Lair:2:   layout_chaotic_city, minmay_shoals_entry_beasts,
          minmay_snake_entry_six_corridors
Lair:3:   pond_and_an_island_with_a_cottage, layout_regular_city,
          infiniplex_staircase_pool_2, uniq_gastronok
Lair:4:   layout_cave_shapes, cheibrodos_lair_lostbears, grunt_megastairs_5,
          minmay_lair_oklob_chamber
Lair:5:   layout_gridlike, slime_dummy
Lair:6:   minmay_lair_end_enchanted_forest, layout_hall_layers
Shoals:1: layout_shoals
Shoals:2: layout_shoals, nicolae_shoals_so_close
Shoals:3: layout_shoals
Shoals:4: shoals_end_simple, layout_shoals, serial_shops, freezing_bzr,
          uniq_polyphemus
Snake:1:  layout_gridlike, nrook_guardian_serpent_double, grunt_megastairs_1,
          uniq_aizul
Snake:2:  layout_gridlike, special_room, minmay_shop_star
Snake:3:  layout_chambers, serial_shops, shop, uniq_asterion
Snake:4:  johnstein_snake_rune_scales, layout_onion_interference,
          serial_bayou_shore_b, lemuel_fruit_tree, minmay_shop_grove
Orc:1:    layout_caves, basic_altar
Orc:2:    st_orc_pillars, layout_diamond_mine, serial_shops, shop
Elf:1:    minmay_elf_arrival_plus, layout_loops_corners, basic_altar,
          minmay_elf_sorcery, uniq_frances
Elf:2:    layout_loops_ring
Elf:3:    nooodl_elf_gasket, layout_onion_city, nicolae_rare_books

Skill      XL: |  1  2  3  4  5  6  7  8  9 10 11 12 13 14 15 16 17 18 19 |
---------------+----------------------------------------------------------+-----
Short Blades   | 4 5 6 8 9 11 12 | 12.1
Fighting       | 3 4 5 6 7 8 10 11 12 13 14 15 16 17 18 | 18.6
Armour         | 3 4 5 6 7 8 9 10 11 12 14 16 17 18 | 18.0
Dodging        | 3 4 5 6 7 8 9 10 11 12 13 14 15 | 15.9
Long Blades    | 3 7 9 10 12 | 12.8

Action                   |  1- 3 |  4- 6 |  7- 9 | 10-12 | 13-15 | 16-18 | 19-21 || total
-------------------------+-------+-------+-------+-------+-------+-------+-------++-------
Melee: Short sword       |   105 |   193 |   383 |   402 |    95 |    18 |       ||  1196
       Long sword        |       |       |       |   375 |  1699 |  2305 |   596 ||  4975
       Dagger            |       |       |       |       |       |     1 |       ||     1
       Demon blade       |       |       |       |       |       |    32 |       ||    32
       Quick blade       |       |       |       |       |       |       |    62 ||    62
Throw: Dart              |       |       |     2 |       |     4 |       |     4 ||    10
       Throwing net      |       |       |       |     4 |       |     1 |       ||     5
Invok: Berserk           |     3 |     4 |    10 |    21 |    26 |    24 |     2 ||    90
       Trog's Hand       |       |       |     3 |     2 |     8 |    21 |     6 ||    40
Evoke: Wand              |       |       |       |     6 |    11 |     5 |     3 ||    25
       Lamp of fire      |       |       |       |       |     1 |     1 |     1 ||     3
       Phantom mirror    |       |       |       |       |       |     1 |       ||     1
  Use: Potion            |     1 |     2 |     5 |     5 |     5 |     8 |     6 ||    32
       Scroll            |       |     8 |     4 |    10 |    14 |    22 |     5 ||    63
 Stab: Invisible         |       |       |       |     8 |     8 |     7 |       ||    23
       Held in net/web   |       |       |       |     2 |       |     2 |       ||     4
       Paralysed         |       |       |       |       |    10 |       |       ||    10
       Sleeping          |       |       |       |       |     2 |       |       ||     2
  Eat: Chunk             |     2 |    11 |    11 |    23 |    50 |    34 |    13 ||   144
       Ration            |       |       |     2 |     5 |     2 |    11 |     2 ||    22
Armor: Scale mail        |    44 |    66 |   125 |   216 |   544 |   473 |       ||  1468
       Skin              |       |       |    21 |       |       |       |       ||    21
       Ring mail         |       |       |       |       |       |   115 |   150 ||   265
Dodge: Dodged            |    82 |   134 |   271 |   534 |  1833 |  2183 |   809 ||  5846
       Rpst.: Long sword |       |       |       |    80 |   460 |   513 |   100 ||  1153
       Demon blade       |       |       |       |       |       |     4 |       ||     4
